AoeStats
← beneath mariana

Coastal Forest

503183599Analyzed
4v4 RM · 1mo ago on Aug 30, 2026· 22m 48s· 8 players
Game mode
Random Map
Map size
Large (8 player)
Population
200
Speed
Normal
Resources
Standard
Victory
Conquest
Starting age
Dark Age
Ending age
Imperial Age
RankedLock teamsTeams togetherTeam positionsShared explorationLock speedFull tech treeHidden civsTurbo modeCheats
Victory
Defeat
🇭🇰 Sicilians · Hong Kong SAR China
1503
+13
🇭🇰 Goths · Hong Kong SAR China
1467
+14
🇭🇰 Spanish · Hong Kong SAR China
1413
+17
🇨🇳 Mongols · China
1158
+26
🇺🇸 Mapuche · United States
1452
-19
🇨🇳 Burmese · China
1431
-18
🇩🇪 Teutons · Germany
1426
-18
🇫🇷 Burgundians · France
1413
-17
Queens_StoneAge
10:48 Feudal Age
9:07 Loom
16:08 Padded Archer Armor
15:59 Fletching
CroCkeR
8:34 Loom
10:19 Feudal Age
8:44 Loom
10:30 Feudal Age
15:22 Castle Age
13:19 Double-Bit Axe
13:53 Horse Collar
15:31 Scale Barding Armor
23:24 Forging
Boucaruto
7:03 Loom
9:48 Feudal Age
9:35 Double-Bit Axe
16:50 Fletching
beneath mariana
6:55 Loom
9:01 Feudal Age
10:16 Horse Collar
13:38 Scale Barding Armor
17:51 Gold Mining
19:31 Wheelbarrow
22:29 Castle Age
20:26 Man-at-Arms
21:27 Scale Mail Armor
kenny yip
9:18 Feudal Age
9:55 Double-Bit Axe
10:16 Horse Collar
15:11 Wheelbarrow
16:19 Loom
19:21 Castle Age
17:56 Forging
18:09 Gold Mining
19:26 Bloodlines
19:41 Scale Barding Armor
happy伯
6:40 Loom
9:01 Feudal Age
18:43 Scale Mail Armor
20:55 Double-Bit Axe
25:05 Castle Age
还有遗憾吗
9:47 Feudal Age
8:46 Loom
12:41 Forging
17:08 Scale Barding Armor
20:26 Castle Age
19:31 Bloodlines
20:05 Double-Bit Axe
21:19 Husbandry
CloseDoorYan
8:31 Loom
11:30 Feudal Age
13:09 Double-Bit Axe
16:41 Castle Age
16:22 Fletching
18:00 Medium Warships
19:18 Bow Saw
21:20 Fishing Lines
Connection lost

Rejoining the realm…

Still unreachable

The connection could not be restored.

Session expired

The server has moved on; the page needs a fresh start.